 Dungeon Sprint DCSS version 0.31.0-12-g77e489cdc1 (webtiles) character file.

Game seed: 2628399677547962323

205 Minsecho the Cudgeller (level 5, -2/88 HPs)
             Began as an Oni Gladiator on Feb 18, 2024.
             Was an Initiate of Cheibriados.
             Slain by a spriggan
             ... wielding a +0 short sword
              (14 damage)
             ... in the Dungeon (Sprint IV: "Fedhas' Mad Dash").
             The game lasted 00:03:21 (451 turns).

Minsecho the Cudgeller (Oni Gladiator)               Turns: 451, Time: 00:03:23

Health: -2/88      AC:  3    Str: 21    XL:     5   Next: 83%
Magic:  5/5        EV: 12    Int: 10    God:    Cheibriados [......]
Gold:   66         SH:  0    Dex: 11    Spells: 4/4 levels left

rFire   . . .        a - +0 flail
rCold   . . .        (no shield)
rNeg    . . .        b - +0 robe
rPois   .            c - +0 hat
rElec   .            (no cloak)
rCorr   .            (gloves unavailable)
SInv    .            (boots unavailable)
Will    .....        l - amulet of invisibility {+Inv} Stlth
                     (no ring)
HPRegen 0.34/turn    (no ring)
MPRegen 0.09/turn

%: no teleportation
@: berserking, very slightly contaminated, invisible, very slow
A: large, unfitting armour, horns 1, tough skin 1, double potion healing,
drunken brawling
a: Renounce Religion, Evoke Invisibility


You were in the Dungeon.
You worshipped Cheibriados.
Cheibriados was noncommittal.
You visited 1 branch You collected 66 gold pieces.

Inventory:

Hand Weapons
 a - a +0 flail (weapon)
Missiles
 d - 3 throwing nets (quivered)
 e - a large rock
Armour
 b - a +0 robe (worn)
 c - a +0 hat (worn)
Jewellery
 l - the amulet of invisibility (around neck) {+Inv}
   (You found it in the Dungeon)

   [amulet of nothing]

   +Inv:      It lets you turn invisible.
Scrolls
 f - a scroll of identify {unknown}
Potions
 h - a potion of haste
 i - 2 potions of magic


   Skills:
 + Level 5.9 Fighting
 + Level 7.5 Maces & Flails
 + Level 3.9 Throwing
 + Level 6.8 Dodging
 + Level 1.3 Stealth
 + Level 1.5 Evocations


You had 4 spell levels left.
You didn't know any spells.
Your spell library was empty.

Dungeon Overview and Level Annotations

Branches:
Dungeon (1/1)

Altars:
Cheibriados
Dithmenos
Elyvilon
Gozag
Hepliaklqana
Kikubaaqudgha
Makhleb
Nemelex Xobeh
Okawaru
Qazlal
Ru
Sif Muna
Trog
Uskayaw
Vehumet
Wu Jian
Xom
Yredelemnul
Zin
The Shining One
Jiyva
Lugonu


Innate Abilities, Weirdness & Mutations

You are too large for most types of armour.
You have a pair of small horns on your head.
You have tough skin. (AC +1)
You gain doubled healing and magic from potions.
Whenever you drink a healing potion, you attack all around you.


Message History

You sock the oklob sapling wizard!
You destroy the oklob sapling wizard!
Cheibriados appreciates the change of pace.
Your Stealth skill increases to level 1!
You open the door. 2 spriggans come into view.
A spriggan is wielding a +0 short sword and wearing a +2 buckler of protection.
Found 14 gold pieces.
A scorpion comes into view.
Found 29 gold pieces.
You flicker for a moment.
There is an open door here.
You close the door.
You start waiting.
You flicker back into view.
Okay, then.
You start waiting.
Your magical contamination has completely faded away.
You fade into invisibility!
You are very lightly contaminated with residual magic.
You open the door.
The spriggan shouts!
You closely miss the spriggan.
The spriggan shouts!
You sock the spriggan! Your headbutt misses the spriggan.
The spriggan is severely wounded.
The spriggan hits you with a +0 short sword!
The spriggan hits you with a +0 short sword.
You barely miss the spriggan.
The spriggan is severely wounded.
The spriggan hits you with a +0 short sword! x2
* * * LOW HITPOINT WARNING * * *
The spriggan completely misses you.
A red film seems to cover your vision as you go berserk!
Cheibriados forces you to slow down.
You feel mighty!
The spriggan hits you with a +0 short sword!
* * * LOW HITPOINT WARNING * * *
The spriggan hits you with a +0 short sword!
You die...

######################
#.⌠._._._._.⌠.#.ii$..#
'.._._._._._..'.@#$.$#
#..._._._._...#..###+#
#.._._._._._..#.)#
#._._._._._.⌠.####
############### #


You could see 2 spriggans.

Vanquished Creatures
  A scorpion (D)
  4 oklob saplings (D)
  A river rat (D)
  A rat (D)
7 creatures vanquished.

Notes
Turn   | Place    | Note
-------+----------+-------------------------------------------
     0 | D        | Minsecho the Oni Gladiator began the quest for the Orb.
     0 | D        | Reached XP level 1. HP: 22/22 MP: 1/1
    20 | D        | Reached XP level 2. HP: 17/31 MP: 2/2
    81 | D        | Noticed an oklob sapling
    84 | D        | Killed an oklob sapling
    85 | D        | Reached skill level 4 in Maces & Flails
    85 | D        | Reached XP level 3. HP: 39/39 MP: 3/3
    86 | D        | Noticed a scorpion
    86 | D        | Found the amulet of invisibility {+Inv}
    97 | D        | Killed a scorpion
    98 | D        | Reached skill level 6 in Maces & Flails
    98 | D        | Reached skill level 5 in Dodging
    98 | D        | Reached XP level 4. HP: 24/49 MP: 4/4
   318 | D        | Reached skill level 5 in Fighting
   318 | D        | Reached XP level 5. HP: 57/57 MP: 5/5
   337 | D        | Found an opulent altar of Gozag.
   337 | D        | Found a hazy altar of Hepliaklqana.
   337 | D        | Found a snail-covered altar of Cheibriados.
   338 | D        | Found a viscous altar of Jiyva.
   338 | D        | Found a burning altar of Makhleb.
   338 | D        | Found a sparkling altar of Nemelex Xobeh.
   338 | D        | Found a sacrificial altar of Ru.
   338 | D        | Found a shimmering blue altar of Sif Muna.
   338 | D        | Found a bloodstained altar of Trog.
   338 | D        | Found an ornate altar of the Wu Jian Council.
   338 | D        | Found a shimmering altar of Xom.
   338 | D        | Found a basalt altar of Yredelemnul.
   355 | D        | Found an iron altar of Okawaru.
   355 | D        | Found a shadowy altar of Dithmenos.
   355 | D        | Found a glowing silver altar of Zin.
   356 | D        | Found a hide-covered altar of Uskayaw.
   356 | D        | Found an ancient bone altar of Kikubaaqudgha.
   357 | D        | Found a stormy altar of Qazlal.
   357 | D        | Found a glowing golden altar of the Shining One.
   357 | D        | Found a white marble altar of Elyvilon.
   358 | D        | Found a radiant altar of Vehumet.
   358 | D        | Found a corrupted altar of Lugonu.
   369 | D        | Reached skill level 7 in Maces & Flails
   369 | D        | Reached skill level 1 in Evocations
   373 | D        | Became a worshipper of Cheibriados the Contemplative
   387 | D        | Noticed a queen bee
   419 | D        | Reached skill level 1 in Stealth
   451 | D        | Slain by a spriggan

Illustrated notes

Levels and vault maps discovered:
D:        dungeon_sprint_fedhas [sprint_temple]

Skill      XL: |  1  2  3  4  5 |
---------------+----------------+-----
Fighting       | 3 4 5 |  5.9
Dodging        | 3 4 5 6 |  6.8
Maces & Flails | 4 6 7 |  7.5
Throwing       | 3 |  3.9
Evocations     | 1 |  1.5
Stealth        | 1 |  1.3

Action                     |  1- 3 |  4- 6 || total
---------------------------+-------+-------++-------
  Melee: Flail             |    23 |    13 ||    36
         Headbutt          |     6 |     2 ||     8
Ability: Evoke Invisibilit |       |     4 ||     4
    Use: Potion            |     1 |     2 ||     3
         Scroll            |       |     1 ||     1
   Stab: Invisible         |       |     2 ||     2
         Sleeping          |       |     1 ||     1
 Armour: Robe              |    15 |     9 ||    24
  Dodge: Dodged            |     9 |     2 ||    11
